[ AOE2 MATCH · #506775473 ]
UnrankedVietnamese vs Lithuanians
[ REPLAY ANALYSIS · EXTRACTED FROM THE RECORDED GAME ]
Feudal
10:50
Castle
23:26
Imperial
38:08
| APM avg | 57.3 |
| APM peak | 104 |
| eAPM avg | 25.1 |
| Villagers / military | 154 / 152 |
Focus
⚔️ 27.0% · 🌾 73.0%
Rattan Archer ×53 · Spearman ×47 · Archer ×25 · Fire Lancer ×15 · Trebuchet (Packed) ×7 · Monk ×4
Feudal
12:47
Castle
28:06
Imperial
45:01
| APM avg | 35.7 |
| APM peak | 70 |
| eAPM avg | 17.8 |
| Villagers / military | 159 / 139 |
Focus
⚔️ 27.4% · 🌾 72.6%
Knight ×115 · Scout Cavalry ×14 · Militia ×8 · Monk ×2
Match map
Initial resources + every placement click. Lines = walls · curves = elevation contours. ◆ gold · ⬟ stone · ● berries · ✦ relic · ◌ wall gap
Your base· ✓ Closed at 23:26 · 33t walls · 1 gate(s) · fragile
TendedBowl5467's base· Open — unwalled flank
Smoothed initial terrain · ◌ = detected wall gap · hover for details
Inputs per minute
— solidair - - TendedBowl5467
Build order — solidair
First 150 of 447 actions detected
| 0:01 | Queue | Villager (Male) ×4 |
| 0:02 | Build | House |
| 0:04 | Build | House |
| 1:21 | Queue | Villager (Male) |
| 1:46 | Queue | Villager (Male) |
| 2:01 | Queue | Villager (Male) |
| 2:29 | Queue | Villager (Male) |
| 3:01 | Queue | Villager (Male) |
| 3:35 | Queue | Villager (Male) |
| 3:55 | Build | House |
| 3:59 | Build | Lumber Camp |
| 4:04 | Build | Lumber Camp |
| 4:21 | Queue | Villager (Male) |
| 4:23 | Queue | Villager (Male) |
| 4:53 | Queue | Villager (Male) |
| 5:29 | Queue | Villager (Male) |
| 5:39 | Queue | Villager (Male) |
| 5:57 | Research | Loom |
| 6:15 | Queue | Villager (Male) |
| 7:25 | Build | House |
| 7:57 | Queue | Villager (Male) |
| 7:59 | Build | Barracks |
| 8:32 | Build | House |
| 8:40 | Research | Feudal Age |
| 8:40 | Research | Feudal Age |
| 8:41 | Research | Feudal Age |
| 8:46 | Build | Mining Camp |
| 9:48 | Build | Lumber Camp |
| 10:07 | Queue | Villager (Male) |
| 10:50 | Age | Feudal Age |
| 10:52 | Build | Archery Range |
| 10:57 | Research | Double-Bit Axe |
| 11:00 | Queue | Villager (Male) |
| 11:11 | Build | Blacksmith |
| 11:14 | Build | House |
| 11:21 | Build | Palisade Wall |
| 11:25 | Build | Palisade Gate |
| 11:33 | Queue | Archer |
| 11:33 | Queue | Archer |
| 11:55 | Queue | Villager (Male) |
| 11:55 | Queue | Villager (Male) |
| 12:12 | Queue | Archer |
| 12:16 | Build | House |
| 12:19 | Build | Palisade Wall |
| 12:27 | Queue | Villager (Male) |
| 12:56 | Queue | Villager (Male) |
| 13:10 | Queue | Archer |
| 13:13 | Queue | Villager (Male) |
| 13:51 | Build | Palisade Wall |
| 13:52 | Build | Palisade Wall |
| 14:06 | Queue | Villager (Male) |
| 14:06 | Queue | Villager (Male) |
| 14:19 | Queue | Archer |
| 14:23 | Queue | Villager (Male) |
| 14:42 | Build | Mill |
| 14:51 | Queue | Villager (Male) |
| 14:57 | Queue | Archer |
| 15:08 | Queue | Villager (Male) |
| 15:20 | Queue | Archer |
| 15:31 | Build | Farm |
| 15:33 | Build | Farm |
| 15:35 | Build | Farm |
| 15:35 | Build | Farm |
| 15:35 | Build | Farm |
| 15:35 | Build | Farm |
| 15:36 | Build | Farm |
| 15:36 | Build | Farm |
| 15:36 | Build | Farm |
| 15:36 | Build | Farm |
| 16:06 | Build | Farm |
| 16:08 | Build | Farm |
| 16:19 | Build | Farm |
| 16:26 | Queue | Archer |
| 16:36 | Build | Palisade Wall |
| 16:38 | Queue | Villager (Male) |
| 16:46 | Build | Palisade Wall |
| 17:01 | Queue | Spearman |
| 17:01 | Queue | Spearman |
| 17:13 | Queue | Villager (Male) |
| 17:13 | Queue | Villager (Male) |
| 17:19 | Build | House |
| 17:25 | Build | Farm |
| 17:31 | Queue | Villager (Male) |
| 17:34 | Queue | Archer |
| 17:41 | Build | House |
| 17:57 | Queue | Villager (Male) |
| 18:00 | Build | Farm |
| 18:16 | Build | House |
| 18:35 | Build | Farm |
| 18:42 | Build | House |
| 18:50 | Queue | Villager (Male) |
| 19:01 | Build | House |
| 19:26 | Build | Market |
| 19:28 | Research | Wheelbarrow |
| 19:45 | Build | House |
| 20:00 | Queue | Villager (Male) |
| 20:11 | Build | House |
| 20:46 | Research | Castle Age |
| 20:46 | Research | Castle Age |
| 20:48 | Build | House |
| 21:15 | Queue | Archer |
| 21:41 | Queue | Archer |
| 21:53 | Queue | Archer |
| 22:15 | Queue | Archer |
| 22:28 | Research | Fletching |
| 22:33 | Research | Gold Mining |
| 22:44 | Queue | Archer |
| 22:54 | Research | Padded Archer Armor |
| 23:23 | Queue | Villager (Male) |
| 23:26 | Age | Castle Age |
| 23:28 | Research | Crossbowman (upgrade) |
| 23:30 | Research | Bodkin Arrow |
| 23:34 | Queue | Villager (Male) |
| 23:54 | Queue | Villager (Male) |
| 24:15 | Queue | Villager (Male) |
| 24:17 | Queue | Archer |
| 24:18 | Queue | Archer |
| 24:29 | Queue | Archer |
| 24:38 | Build | Town Center |
| 24:43 | Queue | Villager (Male) |
| 24:43 | Queue | Villager (Male) |
| 24:53 | Build | Farm |
| 24:53 | Build | Farm |
| 24:58 | Research | Horse Collar |
| 25:03 | Build | Palisade Gate |
| 25:20 | Build | House |
| 25:33 | Build | Farm |
| 25:34 | Build | Farm |
| 25:34 | Build | Farm |
| 25:39 | Build | Farm |
| 25:44 | Queue | Archer |
| 25:44 | Queue | Archer |
| 25:51 | Research | Town Watch |
| 25:56 | Build | House |
| 25:56 | Build | House |
| 26:12 | Queue | Archer |
| 26:16 | Queue | Villager (Male) |
| 26:16 | Queue | Villager (Male) |
| 26:22 | Queue | Villager (Male) |
| 26:25 | Build | Farm |
| 26:28 | Build | Farm |
| 26:30 | Queue | Villager (Male) |
| 26:44 | Queue | Archer |
| 26:53 | Queue | Villager (Male) |
| 26:58 | Build | Monastery |
| 27:01 | Queue | Villager (Male) |
| 27:04 | Build | Mill |
| 27:04 | Build | Farm |
| 27:06 | Build | Farm |
| 27:07 | Build | Farm |
Build order — TendedBowl5467
First 150 of 431 actions detected
| 0:01 | Queue | Villager (Male) |
| 0:01 | Queue | Villager (Male) |
| 0:02 | Build | House |
| 0:03 | Build | House |
| 0:12 | Queue | Villager (Male) |
| 0:13 | Queue | Villager (Male) |
| 0:54 | Queue | Villager (Male) |
| 0:54 | Queue | Villager (Male) |
| 1:49 | Queue | Villager (Male) |
| 1:50 | Queue | Villager (Male) |
| 1:53 | Build | Lumber Camp |
| 1:59 | Queue | Villager (Male) |
| 1:59 | Queue | Villager (Male) |
| 2:17 | Queue | Villager (Male) |
| 2:47 | Queue | Villager (Male) |
| 2:47 | Queue | Villager (Male) |
| 3:10 | Queue | Villager (Male) |
| 3:14 | Build | House |
| 3:16 | Build | House |
| 3:34 | Queue | Villager (Male) |
| 3:49 | Queue | Villager (Male) |
| 3:49 | Queue | Villager (Male) |
| 4:57 | Research | Loom |
| 5:55 | Queue | Villager (Male) |
| 5:56 | Queue | Villager (Male) |
| 6:33 | Queue | Villager (Male) |
| 6:34 | Queue | Villager (Male) |
| 6:42 | Build | Mill |
| 7:24 | Build | Mill |
| 7:27 | Queue | Villager (Male) |
| 7:27 | Queue | Villager (Male) |
| 7:59 | Build | Mill |
| 8:12 | Queue | Villager (Male) |
| 8:31 | Build | Palisade Wall |
| 8:33 | Build | Palisade Wall |
| 8:34 | Build | Palisade Wall |
| 8:35 | Build | Palisade Wall |
| 8:37 | Build | Palisade Wall |
| 8:38 | Build | Palisade Wall |
| 8:41 | Build | Palisade Wall |
| 8:43 | Build | Palisade Wall |
| 8:43 | Build | Palisade Wall |
| 8:45 | Build | Palisade Wall |
| 8:49 | Queue | Villager (Male) |
| 8:49 | Queue | Villager (Male) |
| 9:07 | Build | House |
| 9:35 | Build | Barracks |
| 9:38 | Queue | Villager (Male) |
| 9:38 | Queue | Villager (Male) |
| 10:31 | Build | Mining Camp |
| 10:37 | Research | Feudal Age |
| 10:48 | Queue | Militia |
| 10:49 | Queue | Militia |
| 10:49 | Queue | Militia |
| 10:49 | Queue | Militia |
| 10:49 | Queue | Militia |
| 11:02 | Build | Palisade Wall |
| 11:08 | Queue | Militia |
| 11:09 | Queue | Militia |
| 11:36 | Queue | Militia |
| 12:22 | Queue | Villager (Male) |
| 12:47 | Age | Feudal Age |
| 12:49 | Research | Man-at-Arms (upgrade) |
| 12:54 | Queue | Villager (Male) |
| 13:14 | Research | Arson |
| 13:26 | Queue | Villager (Male) |
| 13:32 | Research | Double-Bit Axe |
| 13:41 | Build | House |
| 14:05 | Build | Farm |
| 14:05 | Build | Farm |
| 14:05 | Build | Farm |
| 14:06 | Build | Farm |
| 14:34 | Queue | Villager (Male) |
| 14:58 | Queue | Villager (Male) |
| 15:06 | Build | Stable |
| 15:16 | Build | Farm |
| 15:16 | Build | Farm |
| 15:20 | Queue | Villager (Male) |
| 15:40 | Build | Farm |
| 15:40 | Build | Farm |
| 15:44 | Queue | Villager (Male) |
| 16:00 | Queue | Scout Cavalry |
| 16:00 | Queue | Scout Cavalry |
| 16:05 | Build | House |
| 16:13 | Queue | Villager (Male) |
| 16:16 | Build | Farm |
| 16:16 | Build | Farm |
| 16:16 | Build | Farm |
| 16:16 | Build | Farm |
| 16:17 | Build | Farm |
| 16:17 | Build | Farm |
| 16:31 | Queue | Scout Cavalry |
| 16:54 | Queue | Villager (Male) |
| 17:00 | Queue | Scout Cavalry |
| 17:14 | Build | Blacksmith |
| 17:17 | Queue | Villager (Male) |
| 17:32 | Build | Watch Tower |
| 17:39 | Build | Farm |
| 17:43 | Queue | Villager (Male) |
| 17:46 | Build | Farm |
| 17:50 | Queue | Scout Cavalry |
| 17:54 | Build | House |
| 17:58 | Build | Farm |
| 18:09 | Build | House |
| 18:19 | Queue | Villager (Male) |
| 18:19 | Queue | Villager (Male) |
| 18:23 | Build | Farm |
| 18:25 | Build | Farm |
| 18:35 | Queue | Villager (Male) |
| 18:58 | Build | Farm |
| 19:00 | Queue | Villager (Male) |
| 19:02 | Queue | Scout Cavalry |
| 19:02 | Queue | Scout Cavalry |
| 19:08 | Build | Farm |
| 19:15 | Build | Farm |
| 19:25 | Build | Farm |
| 19:27 | Queue | Villager (Male) |
| 19:38 | Build | Farm |
| 19:45 | Queue | Scout Cavalry |
| 19:59 | Queue | Villager (Male) |
| 20:18 | Queue | Villager (Male) |
| 20:29 | Build | Farm |
| 20:38 | Research | Scale Barding Armor |
| 20:44 | Build | Farm |
| 20:47 | Build | Farm |
| 20:51 | Queue | Villager (Male) |
| 21:05 | Build | Farm |
| 21:07 | Queue | Scout Cavalry |
| 21:15 | Build | House |
| 21:16 | Build | House |
| 21:21 | Build | Mill |
| 21:24 | Queue | Villager (Male) |
| 21:29 | Build | Farm |
| 21:29 | Build | Farm |
| 21:33 | Queue | Scout Cavalry |
| 21:37 | Research | Bloodlines |
| 21:42 | Queue | Villager (Male) |
| 21:47 | Build | Market |
| 21:56 | Queue | Scout Cavalry |
| 22:09 | Queue | Villager (Male) |
| 22:29 | Build | Stable |
| 22:35 | Queue | Villager (Male) |
| 22:41 | Queue | Scout Cavalry |
| 22:51 | Build | Farm |
| 22:55 | Build | Farm |
| 22:58 | Queue | Scout Cavalry |
| 22:58 | Queue | Villager (Male) |
| 23:04 | Research | Forging |
| 23:18 | Research | Horse Collar |
| 23:25 | Queue | Scout Cavalry |
Match timeline
| 7:59 | solidair · first_building Barracks |
| 8:31 | TendedBowl5467 · wall_segment Palisade Wall x1 |
| 8:33 | TendedBowl5467 · wall_segment Palisade Wall x4 |
| 8:34 | TendedBowl5467 · wall_segment Palisade Wall x1 |
| 8:35 | TendedBowl5467 · wall_segment Palisade Wall x1 |
| 8:37 | TendedBowl5467 · wall_segment Palisade Wall x4 |
| 8:38 | TendedBowl5467 · wall_segment Palisade Wall x1 |
| 8:41 | TendedBowl5467 · wall_segment Palisade Wall x2 |
| 8:43 | TendedBowl5467 · wall_segment Palisade Wall x3 |
| 8:43 | TendedBowl5467 · wall_segment Palisade Wall x1 |
| 8:45 | TendedBowl5467 · wall_segment Palisade Wall x2 |
| 9:35 | TendedBowl5467 · first_building Barracks |
| 10:50 | solidair · age_up feudal |
| 10:52 | solidair · first_building Archery Range |
| 11:02 | TendedBowl5467 · wall_segment Palisade Wall x1 |
| 11:21 | solidair · wall_segment Palisade Wall x1 |
| 12:19 | solidair · wall_segment Palisade Wall x7 |
| 12:47 | TendedBowl5467 · age_up feudal |
| 13:51 | solidair · wall_segment Palisade Wall x1 |
| 13:52 | solidair · wall_segment Palisade Wall x1 |
| 15:06 | TendedBowl5467 · first_building Stable |
| 16:36 | solidair · wall_segment Palisade Wall x6 |
| 16:46 | solidair · wall_segment Palisade Wall x17 |
| 20:14 | solidair · first_market_buy 100 food |
| 22:26 | solidair · first_market_sell 100 wood |
| 23:26 | solidair · age_up castle |
| 24:58 | TendedBowl5467 · first_market_sell 100 wood |
| 26:58 | solidair · first_building Monastery |
| 27:36 | solidair · wall_segment Palisade Wall x1 |
| 28:06 | TendedBowl5467 · age_up castle |
| 30:00 | solidair · first_building Castle |
| 31:03 | TendedBowl5467 · first_building Monastery |
| 33:08 | solidair · wall_segment Stone Wall x4 |
| 33:29 | TendedBowl5467 · first_market_buy 100 stone |
| 34:07 | solidair · wall_segment Stone Wall x6 |
| 35:08 | solidair · wall_segment Stone Wall x15 |
| 35:32 | solidair · wall_segment Stone Wall x9 |
| 37:21 | solidair · wall_segment Stone Wall x1 |
| 38:08 | solidair · age_up imperial |
| 38:48 | solidair · wall_segment Stone Wall x15 |
| 39:00 | solidair · wall_segment Palisade Wall x1 |
| 40:17 | TendedBowl5467 · first_building Castle |
| 42:34 | solidair · wall_segment Stone Wall x1 |
| 43:12 | solidair · wall_segment Stone Wall x11 |
| 43:49 | solidair · wall_segment Stone Wall x5 |
| 43:53 | solidair · wall_segment Stone Wall x1 |
| 45:01 | TendedBowl5467 · age_up imperial |
| 45:53 | solidair · wall_segment Stone Wall x8 |
| 48:59 | solidair · first_building Siege Workshop |
| 53:28 | solidair · first_building Stable |
| 57:08 | TendedBowl5467 · resign |
[ AI ANALYSIS · 1 CREDIT ]
What really happened in this match?
Wolo.gg analyzes every decision: build order, eco, micro, common mistakes by bracket. Personalized analysis on WhatsApp or Discord in 30 seconds.
Civ guide
Vietnamese
Perfil
Jugador #4396973